Map: World of Sleepers LE

Players

Waimea

  • Race: Zerg Zerg
  • League: Platinum
  • Spawn Location: 7:00

ViBE - Winner!

  • Race: Zerg Zerg
  • League: Diamond
  • Spawn Location: 1:00

VOD

Have the link to the VOD?

Description

Time

  • Played on: Dec. 14, 2019, 10:27 p.m.
  • Length: 15:32
Show
View Real Time Build Order
Export as new Build Order

Waimea Zerg 

Build Orders: Hatch First, Lurkers, Roach Hydra 

Get SALT Encoding   

  12  0:01  Drone  
  13  0:13  Overlord  
  13  0:17  Drone  
  14  0:31  Drone x2  
  14  0:35  Drone  
  17  0:53  Hatchery  
  17  0:55  Drone  
  17  0:57  Drone  
  18  1:09  Extractor  
  17  1:12  Spawning Pool  
  17  1:16  Drone  
  17  1:20  Drone  
  18  1:29  Drone  
  19  1:40  Drone  
  20  1:52  Overlord  
  20  2:00  Queen  
  22  2:05  Queen  
  22  2:07  Zergling x4  
  26  2:13  Drone  
  26  2:14  Metabolic Boost  
  27  2:17  Drone  
  28  2:31  Drone x2  
  30  2:43  Queen  
  32  2:45  Hatchery  
  31  2:59  Drone x5  
  35  3:15  Overlord  
  35  3:19  Drone  
  36  3:31  Lair  
  36  3:33  Extractor  
  35  3:35  Drone x7  
  42  3:48  Roach Warren  
  42  3:53  Overlord x2  
  41  3:58  Queen  
  41  4:00  Drone x4  
  47  4:06  Overlord  
  47  4:09  Extractor  
  46  4:11  Extractor  
  45  4:22  Drone x5  
  45  4:23  Evolution Chamber  
  49  4:24  Evolution Chamber  
  49  4:28  Glial Reconstitution  
  48  4:31  Drone x2  
  50  4:39  Roach x2  
  54  4:50  Drone x6  
  59  4:55  Zerg Missile Weapons Level 1  
  59  5:00  Zerg Ground Armor Level 1  
  59  5:04  Roach x2  
  63  5:20  Roach x5  
  73  5:29  Overlord  
  73  5:30  Overlord x2  
  73  5:54  Drone x12  
  85  6:03  Overlord x3  
  85  6:09  Hatchery  
  84  6:18  Pneumatized Carapace  
  84  6:22  Roach x7  
  98  6:27  Extractor  
  98  6:31  Extractor  
  96  6:33  Hydralisk Den, Roach  
  96  6:34  Roach x4  
  105  6:54  Overlord x2  
  105  6:56  Roach x8  
  121  7:07  Grooved Spines  
  121  7:10  Lurker Den, Overlord x3  
  121  7:15  Zergling x6  
  123  7:16  Zergling x2  
  124  7:27  Zerg Missile Weapons Level 2  
  124  7:28  Zerg Ground Armor Level 2  
  124  7:35  Drone x5  
  129  7:42  Hydralisk  
  129  7:43  Hydralisk x2  
  133  8:07  Roach x7  
  133  8:08  Roach x4  
  153  8:25  Drone x11  
  153  8:26  Drone x2  
  166  8:33  Muscular Augments  
  166  8:35  Infestation Pit  
  166  8:38  Lurker x2  
  167  8:41  Overlord x2  
  167  8:42  Overlord x2  
  167  8:51  Extractor x2  
  165  9:01  Hydralisk  
  165  9:02  Hydralisk x7  
  181  9:06  Lurker  
  182  9:16  Overseer  
  182  9:17  Overseer x3  
  180  9:51  Roach x14  
  180  9:52  Roach x5  
  157  10:03  Roach x4  
  142  10:11  Drone  
  143  10:19  Lurker  
  143  10:20  Lurker x7  
  151  10:23  Hive  
  151  10:24  Zerg Melee Weapons Level 1  
  151  10:27  Drone x7  
  158  10:35  Overlord x2  
  158  10:36  Overlord x2  
  158  10:47  Roach x4  
  158  10:48  Roach x2  
  170  10:57  Roach  
  170  10:58  Roach x6  
  181  11:17  Roach x2  
  181  11:18  Roach x3  
  191  11:19  Hatchery  
  162  11:34  Roach  
  162  11:35  Roach x9  
  178  11:44  Ravager x17  
  178  11:45  Ravager  
  196  11:56  Spire  
  195  12:11  Roach  
  195  12:12  Roach  
  199  12:19  Extractor  
  177  12:36  Roach x16  
  110  12:52  Roach x2  
  110  12:53  Roach  
  118  13:12  Roach  
  118  13:13  Roach x5  
  118  13:19  Zerg Flyer Weapons Level 1  
  126  13:31  Hatchery, Overseer  
  132  13:34  Ravager x11  
  132  13:40  Extractor  
  135  13:42  Extractor  
  132  13:56  Zergling x10  
  132  13:57  Zergling x18  
  146  14:18  Adaptive Talons  
  146  14:20  Hatchery  
  131  14:51  Mutalisk x9  
  149  15:01  Mutalisk x2  
Show
View Real Time Build Order
Export as new Build Order

ViBE Zerg - Winner!

Build Orders: Hatch First, Lurkers, Roach Hydra 

Get SALT Encoding   

  12  0:01  Drone  
  13  0:13  Overlord  
  13  0:17  Drone  
  14  0:31  Drone x2  
  16  0:50  Hatchery  
  15  0:59  Drone x2  
  17  1:15  Spawning Pool  
  17  1:16  Drone  
  17  1:19  Drone  
  17  1:21  Drone  
  19  1:32  Extractor  
  18  1:35  Drone  
  19  1:46  Drone  
  20  2:03  Queen x2  
  24  2:11  Zergling x4  
  24  2:12  Drone  
  27  2:20  Drone  
  28  2:24  Overlord  
  28  2:42  Lair, Queen  
  30  2:45  Drone x5  
  30  2:47  Overlord  
  35  2:56  Drone  
  36  3:08  Drone x2  
  38  3:13  Drone x6  
  44  3:25  Roach Warren  
  44  3:26  Evolution Chamber  
  42  3:28  Extractor, Drone x2  
  42  3:36  Evolution Chamber  
  42  3:39  Drone x2  
  43  3:43  Overlord x2  
  43  3:48  Overlord  
  43  4:01  Drone x4  
  43  4:02  Extractor  
  46  4:03  Drone x4  
  46  4:04  Glial Reconstitution  
  46  4:08  Zerg Missile Weapons Level 1  
  50  4:11  Drone  
  50  4:13  Drone  
  52  4:26  Roach x2  
  56  4:34  Roach x3  
  62  4:38  Extractor  
  61  4:50  Hatchery, Roach x2, Overlord x2  
  65  4:55  Overseer  
  65  4:58  Overlord  
  65  5:11  Roach x3, Drone x2  
  65  5:12  Drone x4  
  77  5:23  Drone x2  
  79  5:32  Zerg Ground Armor Level 1  
  79  5:35  Hydralisk Den  
  79  5:36  Drone x4  
  79  5:38  Overlord  
  79  5:41  Extractor  
  82  5:50  Drone x2  
  82  5:51  Overlord x3  
  82  5:54  Extractor  
  82  5:59  Extractor  
  82  6:00  Drone x2  
  82  6:03  Zerg Missile Weapons Level 2  
  83  6:09  Drone x2  
  83  6:10  Lurker Den, Drone  
  85  6:13  Drone x2  
  85  6:15  Drone  
  88  6:24  Drone x3  
  91  6:31  Drone x2  
  93  6:36  Roach x6  
  105  6:43  Overlord x4  
  105  6:49  Drone  
  105  6:51  Overlord  
  105  6:52  Overlord  
  105  6:53  Grooved Spines  
  106  6:58  Hatchery  
  105  7:08  Roach x8  
  114  7:09  Roach x2  
  124  7:18  Overseer, Overlord  
  124  7:24  Roach x5  
  124  7:27  Zerg Ground Armor Level 2  
  134  7:33  Infestation Pit  
  134  7:35  Drone  
  134  7:39  Roach x4  
  134  7:40  Roach x4  
  150  7:52  Overlord x3  
  150  7:53  Overlord x2  
  150  8:07  Roach x7  
  150  8:08  Roach  
  166  8:26  Hydralisk x6  
  178  8:28  Muscular Augments  
  178  8:30  Hive  
  178  8:35  Extractor, Hydralisk x2  
  178  8:37  Hydralisk  
  183  8:42  Hatchery  
  182  8:50  Drone  
  182  8:51  Drone  
  184  8:57  Hydralisk x7  
  198  9:03  Pneumatized Carapace  
  198  9:05  Overseer x2  
  198  9:09  Drone  
  199  9:22  Spine Crawler x3  
  196  9:24  Drone x2  
  196  9:25  Drone  
  196  9:28  Spine Crawler  
  196  9:29  Drone  
  196  9:30  Spine Crawler x2, Drone  
  196  9:31  Drone  
  186  9:55  Drone  
  186  9:56  Drone x5  
  186  9:57  Hydralisk x3  
  172  10:01  Queen  
  164  10:09  Lurker x6  
  164  10:10  Lurker x2  
  164  10:13  Adaptive Talons  
  172  10:18  Drone  
  172  10:19  Spine Crawler, Drone x2  
  172  10:20  Spine Crawler x2  
  172  10:26  Hydralisk x6  
  184  10:34  Zerg Missile Weapons Level 3  
  184  11:00  Hydralisk  
  184  11:01  Hydralisk x6  
  198  11:06  Drone  
  198  11:10  Seismic Spines  
  193  11:16  Zerg Ground Armor Level 3  
  193  11:32  Hydralisk x9  
  162  11:33  Hydralisk  
  182  11:55  Drone x4  
  182  11:56  Drone x5  
  182  12:00  Extractor  
  190  12:07  Spine Crawler x2  
  188  12:08  Spine Crawler  
  188  12:10  Extractor  
  188  12:11  Spire  
  188  12:14  Hydralisk x7  
  193  12:30  Hydralisk x6  
  193  12:32  Drone  
  156  12:45  Drone  
  156  12:46  Drone x4  
  156  12:47  Hydralisk x10  
  156  12:50  Lurker  
  178  13:25  Lurker x5  
  178  13:26  Lurker x2, Hatchery  
  178  13:27  Lurker  
  185  13:35  Spine Crawler  
  185  13:36  Spore Crawler, Spine Crawler  
  182  13:42  Spine Crawler  
  182  13:43  Spore Crawler, Spine Crawler  
  179  13:50  Drone  
  179  13:51  Drone x8  
  179  13:52  Spore Crawler, Spine Crawler, Drone  
  179  13:53  Spine Crawler  
  186  13:57  Hydralisk  
  186  13:58  Hydralisk x6  
  186  14:00  Greater Spire  
Tags
 
Add a new tag
Caveats
  • Supply blocks, unpowered buildings, or Contaminate may cause inaccurate times.
  • Supply counts are checked every 10 seconds.